Map: [ESL] Crimson Court

Players

Cyan

  • Race: Protoss Protoss
  • Spawn Location: 1:00

Lemon - Winner!

  • Race: Protoss Protoss
  • Spawn Location: 7:00

Event: ESL SC2 Masters 2024 Spring (Regional)

VOD

Have the link to the VOD?

Description

Time

  • Played on: April 25, 2024, 6:39 a.m.
  • Length: 12:37

All games in this series

Show
View Real Time Build Order
Export as new Build Order

Cyan Protoss 

Build Orders: Oracle Opening 

Get SALT Encoding   

  12  0:00  Probe  
  13  0:12  Probe  
  14  0:17  Pylon  
  14  0:24  Probe (Chrono Boost)  
  15  0:36  Probe (Chrono Boost)  
  15  0:37  Gateway  
  16  0:45  Assimilator, Probe (Chrono Boost)  
  17  0:51  Probe  
  17  0:55  Assimilator  
  18  1:03  Probe (Chrono Boost)  
  19  1:07  Gateway  
  19  1:13  Probe (Chrono Boost)  
  19  1:18  Probe (Chrono Boost)  
  20  1:24  Cybernetics Core  
  21  1:29  Probe  
  22  1:35  Pylon  
  22  1:41  Probe  
  23  1:53  Probe  
  24  2:01  Warp Gate, Adept x2  
  29  2:09  Pylon  
  28  2:17  Stargate  
  28  2:25  Probe  
  29  2:31  Adept x2  
  32  2:56  Nexus  
  32  3:06  Oracle (Chrono Boost)  
  32  3:10  Probe  
  36  3:18  Pylon  
  36  3:22  Probe  
  37  3:34  Oracle (Chrono Boost), Probe  
  41  3:44  Robotics Facility  
  41  3:46  Probe  
  42  3:59  Probe  
  43  4:03  Pylon  
  43  4:08  Probe  
  44  4:11  Probe  
  44  4:16  Sentry, Shield Battery  
  47  4:17  Sentry  
  47  4:20  Probe (Chrono Boost)  
  47  4:23  Probe (Chrono Boost)  
  52  4:31  Probe (Chrono Boost)  
  52  4:32  Probe (Chrono Boost)  
  52  4:37  Probe (Chrono Boost)  
  48  4:41  Probe  
  48  4:44  Immortal (Chrono Boost)  
  54  4:49  Probe  
  54  4:50  Pylon  
  55  4:53  Probe  
  56  5:01  Probe  
  57  5:10  Probe  
  57  5:13  Probe  
  59  5:17  Nexus  
  59  5:20  Immortal (Chrono Boost)  
  59  5:23  Pylon  
  59  5:24  Probe  
  59  5:28  Probe  
  65  5:32  Twilight Council  
  65  5:33  Assimilator  
  65  5:38  Forge, Probe  
  65  5:42  Probe  
  67  5:46  Shield Battery  
  67  5:50  Observer, Probe  
  67  5:51  Stalker  
  67  5:52  Stalker  
  73  5:57  Probe  
  73  5:59  Assimilator  
  73  6:02  Probe  
  75  6:05  Blink (Chrono Boost)  
  75  6:09  Probe  
  75  6:10  Protoss Ground Weapons Level 1 (Chrono Boost)  
  76  6:14  Probe  
  77  6:22  Probe, Gateway  
  77  6:25  Gateway  
  78  6:26  Probe  
  78  6:30  Warp Prism (Chrono Boost)  
  78  6:32  Probe  
  82  6:39  Dark Shrine, Probe  
  83  6:41  Probe  
  83  6:44  Probe  
  85  6:47  Gateway  
  85  6:50  Gateway  
  85  6:55  Probe  
  85  6:56  Probe  
  85  6:59  Gateway  
  87  7:02  Observer (Chrono Boost), Gateway  
  87  7:03  Probe  
  87  7:07  Probe  
  90  7:13  Probe  
  90  7:15  Stalker x2  
  95  7:20  Probe  
  95  7:22  Assimilator  
  96  7:25  Stalker x2  
  100  7:31  Pylon  
  100  7:40  Pylon  
  100  7:46  Charge (Chrono Boost)  
  100  7:49  Pylon  
  100  7:51  Dark Templar x2  
  100  7:52  Pylon, Dark Templar x2  
  108  8:03  Nexus  
  104  8:05  Pylon  
  104  8:18  Stalker x4  
  111  8:27  Photon Cannon, Probe  
  111  8:29  Shield Battery  
  111  8:30  Pylon  
  111  8:33  Dark Templar x2  
  115  8:37  Probe x2  
  115  8:39  Archon  
  117  8:41  Protoss Ground Weapons Level 2 (Chrono Boost)  
  117  8:42  Probe  
  117  8:45  Photon Cannon  
  118  8:49  Zealot, Stalker  
  118  8:50  Zealot x3  
  118  8:54  Archon  
  120  9:03  Zealot  
  108  9:13  Dark Templar  
  108  9:14  Dark Templar  
  108  9:15  Zealot x3, Dark Templar  
  108  9:16  Zealot  
  122  9:17  Probe  
  122  9:19  Photon Cannon  
  122  9:20  Photon Cannon  
  122  9:21  Archon  
  122  9:22  Probe x3  
  122  9:23  Archon  
  126  9:29  Immortal, Probe  
  131  9:35  Stalker  
  131  9:36  Stalker  
  136  9:45  Probe x3  
  136  9:51  Stalker x5  
  148  9:53  Pylon  
  148  9:57  Zealot  
  148  9:59  Zealot  
  152  10:00  Zealot  
  148  10:09  Probe  
  148  10:10  Assimilator  
  148  10:12  Observer  
  147  10:14  Assimilator  
  147  10:16  Zealot x4  
  147  10:17  Zealot  
  149  10:24  Warp Prism  
  143  10:34  Zealot x3  
  136  10:46  Zealot x5  
  136  10:54  Probe  
  115  11:00  Immortal  
  115  11:02  Stalker x3  
  119  11:06  Dark Templar  
  119  11:10  Dark Templar x3  
  119  11:11  Gateway x2  
  125  11:22  Stalker  
  121  11:26  Stalker x3  
  121  11:29  Archon x2  
  121  11:40  Stalker  
  121  11:46  Shield Battery  
  123  11:48  Stalker x4  
  123  11:49  Shield Battery  
  130  11:54  Shield Battery  
  130  11:58  Stalker x3  
  134  12:11  Stalker x4  
  130  12:20  Stalker x3  
  114  12:23  Dark Templar x2  
  114  12:28  Dark Templar x2  
Show
View Real Time Build Order
Export as new Build Order

Lemon Protoss - Winner!

Build Orders: Phoenix Opening, Blink Stalkers 

Get SALT Encoding   

  12  0:00  Probe  
  13  0:12  Probe  
  14  0:16  Pylon  
  14  0:24  Probe (Chrono Boost)  
  15  0:36  Probe (Chrono Boost), Gateway  
  16  0:44  Probe (Chrono Boost)  
  16  0:45  Assimilator  
  17  0:50  Probe  
  18  1:03  Probe (Chrono Boost)  
  19  1:04  Assimilator  
  19  1:09  Gateway  
  19  1:12  Probe (Chrono Boost)  
  19  1:17  Probe (Chrono Boost)  
  20  1:23  Cybernetics Core  
  21  1:29  Probe  
  22  1:35  Pylon  
  22  1:41  Probe  
  23  1:53  Probe  
  24  2:00  Stalker  
  24  2:01  Warp Gate  
  26  2:07  Sentry  
  28  2:11  Pylon  
  28  2:16  Probe  
  30  2:30  Sentry  
  32  2:37  Phoenix  
  32  2:38  Nexus  
  31  2:45  Shield Battery  
  31  2:46  Probe  
  32  2:59  Probe  
  32  3:00  Shield Battery  
  33  3:05  Twilight Council  
  33  3:11  Probe  
  34  3:14  Stalker  
  36  3:22  Shield Battery  
  36  3:23  Probe  
  37  3:32  Pylon  
  37  3:35  Probe  
  37  3:36  Blink (Chrono Boost)  
  38  3:47  Probe  
  38  3:48  Shield Battery  
  39  3:50  Stalker  
  39  3:54  Stalker  
  43  4:00  Shield Battery  
  43  4:07  Probe x2  
  45  4:14  Stalker  
  47  4:20  Stalker, Probe (Chrono Boost)  
  47  4:22  Probe (Chrono Boost)  
  51  4:25  Shield Battery  
  50  4:34  Probe (Chrono Boost)  
  50  4:37  Probe (Chrono Boost)  
  46  4:39  Probe (Chrono Boost)  
  46  4:43  Probe  
  47  4:48  Probe  
  47  4:49  Stalker x2  
  52  4:55  Probe  
  52  4:57  Phoenix  
  53  5:00  Probe  
  54  5:07  Probe  
  55  5:16  Nexus  
  55  5:19  Probe  
  56  5:21  Probe  
  56  5:24  Stalker  
  59  5:31  Probe  
  59  5:33  Probe  
  61  5:39  Robotics Facility  
  61  5:43  Probe  
  61  5:44  Phoenix  
  61  5:45  Pylon  
  62  5:50  Pylon  
  62  5:56  Charge  
  62  5:57  Forge  
  62  6:03  Probe x2 (Chrono Boost)  
  64  6:08  Gateway  
  64  6:11  Shield Battery, Gateway  
  64  6:13  Probe (Chrono Boost)  
  64  6:14  Probe (Chrono Boost)  
  66  6:18  Probe x2 (Chrono Boost)  
  66  6:22  Protoss Ground Weapons Level 1 (Chrono Boost)  
  66  6:24  Observer  
  68  6:28  Phoenix  
  68  6:30  Probe (Chrono Boost)  
  72  6:34  Probe (Chrono Boost)  
  72  6:35  Probe (Chrono Boost)  
  73  6:40  Probe (Chrono Boost)  
  73  6:43  Probe x2 (Chrono Boost)  
  73  6:45  Probe (Chrono Boost), Gateway  
  73  6:46  Gateway  
  76  6:48  Gateway  
  76  6:50  Gateway  
  76  6:53  Probe  
  78  6:54  Probe  
  78  6:56  Zealot x2  
  82  7:02  Probe  
  82  7:04  Stalker  
  82  7:05  Probe  
  82  7:07  Stalker  
  88  7:12  Observer  
  88  7:13  Nexus  
  89  7:18  Pylon  
  89  7:20  Photon Cannon  
  89  7:28  Pylon  
  89  7:29  Photon Cannon  
  89  7:30  Zealot x2  
  89  7:33  Warp Prism (Chrono Boost)  
  95  7:38  Pylon  
  95  7:44  Zealot x3  
  95  7:48  Photon Cannon  
  95  7:50  Zealot  
  102  7:58  Protoss Ground Weapons Level 2 (Chrono Boost), Probe x3  
  105  7:59  Zealot  
  107  8:10  Probe x2  
  108  8:17  Stalker x3  
  112  8:21  Probe  
  112  8:23  Probe  
  114  8:32  Zealot x4  
  122  8:37  Photon Cannon, Probe  
  123  8:43  Probe  
  123  8:44  Photon Cannon  
  123  8:45  Probe  
  123  8:56  Pylon x2  
  123  8:57  Stalker x3  
  112  9:04  Zealot x7  
  110  9:13  Observer  
  110  9:15  Stalker  
  113  9:19  Unknown  
  113  9:20  Probe x4  
  117  9:27  Stalker x6  
  117  9:30  Stalker  
  131  9:35  Pylon  
  131  9:37  Pylon  
  131  9:41  Observer  
  131  9:43  Stalker  
  133  9:48  Gateway  
  133  9:49  Gateway  
  133  9:50  Stalker x4  
  141  10:00  Shield Battery  
  141  10:01  Shield Battery  
  140  10:07  Stalker x4  
  144  10:21  Stalker x4  
  134  10:34  Stalker x4  
  133  10:43  Stalker x2  
  133  10:44  Zealot x3, Stalker  
  129  11:00  Zealot x4  
  137  11:06  Stalker x3  
  137  11:11  Zealot x3  
  149  11:14  Observer (Chrono Boost)  
  149  11:16  Nexus  
  146  11:23  Zealot x4  
  148  11:27  Pylon  
  148  11:33  Zealot x2, Stalker x2  
  148  11:34  Zealot x2  
  148  11:36  Pylon  
  148  11:38  Pylon  
  160  11:40  Pylon  
  160  11:46  Stalker x3  
  164  11:47  Shield Battery  
  164  11:48  Zealot  
  164  11:50  Shield Battery  
  166  11:58  Stalker x3  
  166  11:59  Zealot x3  
  170  12:01  Observer  
  170  12:06  Probe x2  
  170  12:07  Probe  
  170  12:08  Probe  
  172  12:09  Unknown  
  162  12:15  Zealot x4  
  162  12:21  Zealot x6  
Tags
 
Add a new tag
Caveats
  • Supply blocks, unpowered buildings, or Contaminate may cause inaccurate times.
  • Supply counts are checked every 10 seconds.